| TOP OF THE 1ST |
|
Burlington Bees batting - Pitching for Quad Cities Angels : LHP John Dubeau
|
|
Pitching: LHP John Dubeau
|
|
|
Batting: RHB Mike Quade
|
0-0: Ball 1-0: Ball 2-0: Called Strike 2-1: Ball 3-1: Base on Balls
|
|
Batting: RHB Robin Townley
|
0-0: Ball 1-0: Ball 2-0: Ball 3-0: Base on Balls Mike Quade to second
|
|
Batting: LHB Vernon Ramie
|
0-0: Ball 1-0: Fly out, F7 (Flyball, 78S, EV 82.5 MPH)
|
|
Batting: RHB Thomas Echstenkamper
|
0-0: Called Strike 0-1: Swinging Strike 0-2: Ball 1-2: Fielders Choice at 2nd, 4-6 (Groundball, 34, EV 98.8 MPH) Mike Quade to third
|
|
Batting: RHB Anthony Veith
|
0-0: Ball 1-0: Ball 2-0: Foul Ball, location: 2F 2-1: SINGLE (Groundball, 6, EV 107.5 MPH) (infield hit) Mike Quade scores Thomas Echstenkamper to second
|
|
Batting: RHB Daniel Johnson
|
0-0: Foul Ball, location: 2F 0-1: Called Strike 0-2: Strikes out swinging
|
| Top of the 1st over - 1 run, 1 hit, 0 errors, 2 left on base; Burlington 1 - Quad Cities 0 |
| BOTTOM OF THE 1ST |
|
Quad Cities Angels batting - Pitching for Burlington Bees : RHP Jim McCoy
|
|
Pitching: RHP Jim McCoy
|
|
|
Batting: RHB Jordan Ventura
|
0-0: Ball 1-0: Fly out, F7 (Flyball, 7, EV 93.1 MPH)
|
|
Batting: RHB Carlos Lezcano
|
0-0: Foul Ball, location: 2F 0-1: Swinging Strike 0-2: Strikes out swinging
|
|
Batting: LHB Leo Sutherland
|
0-0: Ball 1-0: Called Strike 1-1: Ball 2-1: Ground out 5-3 (Groundball, 5L, EV 76.9 MPH)
|
| Bottom of the 1st over - 0 runs, 0 hits, 0 errors, 0 left on base; Burlington 1 - Quad Cities 0 |
| TOP OF THE 2ND |
|
Burlington Bees batting - Pitching for Quad Cities Angels : LHP John Dubeau
|
|
Batting: LHB Terry Cormack
|
0-0: Ball 1-0: Called Strike 1-1: Ball 2-1: Foul Ball, location: 2F 2-2: Strikes out swinging
|
|
Batting: RHB James Noonan
|
0-0: Called Strike 0-1: SINGLE (Groundball, 6D, EV 94.4 MPH)
|
|
Batting: RHB Bobby Supel
|
0-0: Foul Ball, location: 2F 0-1: SINGLE (Groundball, 23, EV 70.6 MPH) (infield hit) James Noonan to second
|
|
Batting: RHB Mike Quade
|
0-0: Ball 1-0: Foul Ball, location: 2F 1-1: Ball 2-1: Foul Ball, location: 2F 2-2: DOUBLE (Groundball, 5L, EV 104.4 MPH) James Noonan scores Bobby Supel to third Runner from 3rd tries for Home, SAFE, throw by LF to trailing runner, SAFE at third!
|
|
Batting: RHB Robin Townley
|
0-0: Ball 1-0: Swinging Strike 1-1: Foul Ball, location: 2F 1-2: Ball 2-2: Foul Ball, location: 2F 2-2: Strikes out swinging
|
|
Batting: LHB Vernon Ramie
|
0-0: Ball 1-0: Ball 2-0: SINGLE (Line Drive, 7LM, EV 85.0 MPH) Mike Quade scores
|
|
Batting: RHB Thomas Echstenkamper
|
0-0: Ball 1-0: Called Strike 1-1: Swinging Strike 1-2: Strikes out swinging
|
| Top of the 2nd over - 3 runs, 4 hits, 0 errors, 1 left on base; Burlington 4 - Quad Cities 0 |
| BOTTOM OF THE 2ND |
|
Quad Cities Angels batting - Pitching for Burlington Bees : RHP Jim McCoy
|
|
Batting: LHB Chuck Sandberg
|
0-0: Ball 1-0: Ball 2-0: Called Strike 2-1: Ball 3-1: Called Strike 3-2: Foul Ball, location: 2F 3-2: DOUBLE (Groundball, 3L, EV 95.6 MPH)
|
|
Batting: RHB Oscar Mejia
|
0-0: Foul Ball, location: 2F 0-1: Swinging Strike 0-2: Ball 1-2: Ball 2-2: Foul Ball, location: 2F 2-2: Fly out, F8 (Flyball, 8LS, EV 75.0 MPH)
|
|
Batting: LHB Keith Rokosz
|
0-0: Called Strike 0-1: Ball 1-1: SINGLE (Groundball, 34, EV 98.8 MPH) (infield hit) Chuck Sandberg to third
|
|
Batting: LHB Bill Kuchar
|
0-0: Called Strike 0-1: Foul Ball, location: 2F 0-2: Ball 1-2: Fly out, F9 (Flyball, 9LS, EV 81.9 MPH)
|
|
Batting: RHB Michael Lenti
|
0-0: Ground out 4-3 (Groundball, 34, EV 83.1 MPH)
|
| Bottom of the 2nd over - 0 runs, 2 hits, 0 errors, 2 left on base; Burlington 4 - Quad Cities 0 |
| TOP OF THE 3RD |
|
Burlington Bees batting - Pitching for Quad Cities Angels : LHP John Dubeau
|
|
Batting: RHB Anthony Veith
|
0-0: Foul Ball, location: 2F 0-1: Ball 1-1: Foul Ball, location: 2F 1-2: Ball 2-2: Strikes out swinging
|
|
Batting: RHB Daniel Johnson
|
0-0: Ball 1-0: Ball 2-0: Called Strike 2-1: Foul Ball, location: 2F 2-2: Foul Ball, location: 2F 2-2: Foul Ball, location: 2F 2-2: TRIPLE (Groundball, 3L, EV 101.3 MPH)
|
|
Batting: LHB Terry Cormack
|
0-0: Ball 1-0: Ball 2-0: Foul Ball, location: 2F 2-1: Ball 3-1: SINGLE (Groundball, 6D, EV 108.1 MPH) Daniel Johnson scores
|
|
Batting: RHB James Noonan
|
0-0: Ball 1-0: Ball 2-0: Called Strike 2-1: Ball 3-1: Swinging Strike 3-2: Strikes out looking
|
|
Batting: RHB Bobby Supel
|
0-0: Swinging Strike 0-1: Foul Ball, location: 2F 0-2: Ball 1-2: Strikes out swinging
|
| Top of the 3rd over - 1 run, 2 hits, 0 errors, 1 left on base; Burlington 5 - Quad Cities 0 |
| BOTTOM OF THE 3RD |
|
Quad Cities Angels batting - Pitching for Burlington Bees : RHP Jim McCoy
|
|
Batting: RHB Jeffrey Ulrich
|
0-0: SINGLE (Groundball, 56D, EV 96.3 MPH)
|
|
Batting: RHB Jordan Ventura
|
0-0: Ball 1-0: Ball 2-0: Called Strike 2-1: Foul Ball, location: 2F 2-2: Ball 3-2: Base on Balls Jeffrey Ulrich to second
|
|
Batting: RHB Carlos Lezcano
|
0-0: Ball 1-0: Called Strike 1-1: Ball 2-1: Grounds into double play, 5-4-3 (Groundball, 56S, EV 84.4 MPH) Jeffrey Ulrich to third
|
|
Batting: LHB Leo Sutherland
|
0-0: Foul Ball, location: 2F 0-1: Ball 1-1: Ball 2-1: Called Strike 2-2: Ball 3-2: Base on Balls
|
|
Batting: LHB Chuck Sandberg
|
0-0: Ball 1-0: Ball 2-0: Foul Ball, location: 2F 2-1: Ball 3-1: Base on Balls Leo Sutherland to second
|
|
Batting: RHB Oscar Mejia
|
0-0: Called Strike 0-1: Ball 1-1: Ball 2-1: Ball 3-1: Fly out, F8 (Flyball, 8LM, EV 88.8 MPH)
|
| Bottom of the 3rd over - 0 runs, 1 hit, 0 errors, 3 left on base; Burlington 5 - Quad Cities 0 |
| TOP OF THE 4TH |
|
Burlington Bees batting - Pitching for Quad Cities Angels : LHP John Dubeau
|
|
Batting: RHB Mike Quade
|
0-0: Called Strike 0-1: Called Strike 0-2: Ball 1-2: Ball 2-2: Foul Ball, location: 2F 2-2: Ball 3-2: Ground out 1-3 (Groundball, 13, EV 65.6 MPH)
|
|
Batting: RHB Robin Townley
|
0-0: Ball 1-0: Ground out 5-3 (Groundball, 5L, EV 80.0 MPH)
|
|
Batting: LHB Vernon Ramie
|
0-0: Ball 1-0: Swinging Strike 1-1: Ball 2-1: Called Strike 2-2: Ball 3-2: Base on Balls
|
|
Batting: RHB Thomas Echstenkamper
|
0-0: Called Strike 0-1: Swinging Strike 0-2: Fly out, F8 (Flyball, 8RM, EV 90.0 MPH)
|
| Top of the 4th over - 0 runs, 0 hits, 0 errors, 1 left on base; Burlington 5 - Quad Cities 0 |
| BOTTOM OF THE 4TH |
|
Quad Cities Angels batting - Pitching for Burlington Bees : RHP Jim McCoy
|
|
Batting: LHB Keith Rokosz
|
0-0: Ball 1-0: Foul Ball, location: 2F 1-1: Ball 2-1: Ball 3-1: Foul Ball, location: 2F 3-2: Fly out, F9 (Line Drive, 9, EV 96.3 MPH)
|
|
Batting: LHB Bill Kuchar
|
0-0: Ball 1-0: Swinging Strike 1-1: Foul Ball, location: 2F 1-2: Foul Ball, location: 2F 1-2: Ball 2-2: DOUBLE (Line Drive, 7LS, EV 96.3 MPH)
|
|
Batting: RHB Michael Lenti
|
0-0: Ball 1-0: Called Strike 1-1: Ball 2-1: Ball 3-1: Foul Ball, location: 2F 3-2: Foul Ball, location: 2F 3-2: Base on Balls
|
|
Batting: RHB Jeffrey Ulrich
|
0-0: Ball 1-0: Swinging Strike 1-1: Foul Ball, location: 2F 1-2: Ball 2-2: Ball 3-2: Strikes out swinging
|
|
Batting: RHB Jordan Ventura
|
0-0: Fly out, F7 (Flyball, 7LS, EV 76.3 MPH)
|
| Bottom of the 4th over - 0 runs, 1 hit, 0 errors, 2 left on base; Burlington 5 - Quad Cities 0 |
| TOP OF THE 5TH |
|
Burlington Bees batting - Pitching for Quad Cities Angels : LHP John Dubeau
|
|
Batting: RHB Anthony Veith
|
0-0: Ball 1-0: Ball 2-0: Ball 3-0: Called Strike 3-1: Foul Ball, location: 2F 3-2: Foul Ball, location: 2F 3-2: Base on Balls
|
|
Batting: RHB Daniel Johnson
|
0-0: Ball 1-0: Ball 2-0: Ball 3-0: Base on Balls Anthony Veith to second
|
|
Batting: LHB Terry Cormack
|
0-0: Foul Ball, location: 2F 0-1: Ball 1-1: Ball 2-1: Grounds into double play, 4-6-3 (Groundball, 4M, EV 103.8 MPH) Anthony Veith to third
|
|
Batting: RHB James Noonan
|
0-0: Ball 1-0: Called Strike 1-1: Foul Ball, location: 2F 1-2: Ball 2-2: Foul Ball, location: 2F 2-2: Foul Ball, location: 2F 2-2: Ball 3-2: Fly out, F2 (Popup, 2LF, EV 90.0 MPH)
|
| Top of the 5th over - 0 runs, 0 hits, 0 errors, 1 left on base; Burlington 5 - Quad Cities 0 |
| BOTTOM OF THE 5TH |
|
Quad Cities Angels batting - Pitching for Burlington Bees : RHP Jim McCoy
|
|
Batting: RHB Carlos Lezcano
|
0-0: Ball 1-0: Foul Ball, location: 2F 1-1: Ball 2-1: SINGLE (Groundball, 34D, EV 101.9 MPH)
|
|
Batting: LHB Leo Sutherland
|
0-0: Fly out, F4 (Line Drive, 4, EV 68.8 MPH)
|
|
Batting: LHB Chuck Sandberg
|
0-0: Ball 1-0: Fly out, F8 (Line Drive, 8RM, EV 85.6 MPH)
|
|
Batting: RHB Oscar Mejia
|
0-0: Ball 1-0: Ball 2-0: Foul Ball, location: 2F 2-1: Called Strike 2-2: Foul Ball, location: 2F 2-2: Ground out 1-3 (Groundball, 34S, EV 80.6 MPH)
|
| Bottom of the 5th over - 0 runs, 1 hit, 0 errors, 1 left on base; Burlington 5 - Quad Cities 0 |
| TOP OF THE 6TH |
|
Burlington Bees batting - Pitching for Quad Cities Angels : LHP John Dubeau
|
|
Pitching: RHP Gary Granke
|
|
|
Batting: RHB Bobby Supel
|
0-0: Foul Ball, location: 2F 0-1: Foul Ball, location: 2F 0-2: Ball 1-2: Foul Ball, location: 2F 1-2: Ground out 1-3 (Groundball, P, EV 67.5 MPH)
|
|
Batting: RHB Mike Quade
|
0-0: Called Strike 0-1: Ball 1-1: Ball 2-1: Ball 3-1: Swinging Strike 3-2: Base on Balls
|
|
Batting: RHB Robin Townley
|
0-0: Ball 1-0: Ball 2-0: Called Strike 2-1: Foul Ball, location: 2F 2-2: Foul Ball, location: 2F 2-2: Reached on error, E1 (Groundball, P, EV 90.6 MPH) Mike Quade to second
|
|
Pitching: RHP Rickey Lear
|
|
|
Batting: LHB Vernon Ramie
|
0-0: SINGLE (Groundball, 56D, EV 100.0 MPH) Mike Quade to third Robin Townley to second Runner from 3rd tries for Home, SAFE, throw by LF to home
|
|
Batting: RHB Thomas Echstenkamper
|
0-0: Fly out, F4 (Popup, 4S, EV 70.0 MPH)
|
|
Batting: RHB Anthony Veith
|
0-0: Ball 1-0: Ball 2-0: Ball 3-0: Base on Balls Robin Townley to third Vernon Ramie to second
|
|
Batting: RHB Daniel Johnson
|
0-0: Called Strike 0-1: Ball 1-1: Ground out 6-3 (Groundball, 6MS, EV 86.9 MPH)
|
| Top of the 6th over - 1 run, 1 hit, 1 error, 3 left on base; Burlington 6 - Quad Cities 0 |
| BOTTOM OF THE 6TH |
|
Quad Cities Angels batting - Pitching for Burlington Bees : RHP Jim McCoy
|
|
Batting: LHB Keith Rokosz
|
0-0: Foul Ball, location: 2F 0-1: Foul Ball, location: 2F 0-2: Ball 1-2: SINGLE (Groundball, 34D, EV 97.5 MPH)
|
|
Batting: LHB Bill Kuchar
|
0-0: Ball 1-0: Called Strike 1-1: DOUBLE (Line Drive, 7LS, EV 111.3 MPH) Keith Rokosz to third
|
|
Batting: RHB Michael Lenti
|
0-0: Foul Ball, location: 2F 0-1: Called Strike 0-2: Fly out, F8 (Flyball, 78M, EV 88.1 MPH) Runner from 3rd tags up, SCORES, throw by CF
|
|
Batting: RHB Jeffrey Ulrich
|
0-0: Fly out, F8 (Line Drive, 8RM, EV 85.6 MPH)
|
|
Batting: RHB Jordan Ventura
|
0-0: Ball 1-0: Swinging Strike 1-1: Ball 2-1: Foul Ball, location: 2F 2-2: Foul Ball, location: 2F 2-2: Foul Ball, location: 2F 2-2: Ball 3-2: Fly out, F9 (Flyball, 89S, EV 93.1 MPH)
|
| Bottom of the 6th over - 1 run, 2 hits, 0 errors, 1 left on base; Burlington 6 - Quad Cities 1 |
| TOP OF THE 7TH |
|
Burlington Bees batting - Pitching for Quad Cities Angels : RHP Rickey Lear
|
|
Batting: LHB Terry Cormack
|
0-0: Swinging Strike 0-1: Ball 1-1: Foul Ball, location: 2F 1-2: Ball 2-2: Ball 3-2: Foul Ball, location: 2F 3-2: Fly out, F8 (Flyball, 78D, EV 86.3 MPH)
|
|
Batting: RHB James Noonan
|
0-0: Ball 1-0: Ball 2-0: Foul Ball, location: 2F 2-1: Foul Ball, location: 2F 2-2: Strikes out swinging
|
|
Batting: RHB Bobby Supel
|
0-0: Called Strike 0-1: Ball 1-1: Ball 2-1: Ball 3-1: Base on Balls
|
|
Batting: RHB Mike Quade
|
0-0: Called Strike 0-1: SINGLE (Flyball, 9LM, EV 100.6 MPH) Bobby Supel to second Runner from 2nd tries for 3rd, SAFE, throw by RF made to third
|
|
Batting: RHB Robin Townley
|
0-0: Called Strike 0-1: Fly out, F9 (Flyball, 9LS, EV 87.5 MPH)
|
| Top of the 7th over - 0 runs, 1 hit, 0 errors, 2 left on base; Burlington 6 - Quad Cities 1 |
| BOTTOM OF THE 7TH |
|
Quad Cities Angels batting - Pitching for Burlington Bees : RHP Jim McCoy
|
|
Batting: RHB Carlos Lezcano
|
0-0: Swinging Strike 0-1: Foul Ball, location: 2F 0-2: Foul Ball, location: 2F 0-2: SOLO HOME RUN (Flyball, 7D, EV 96.9 MPH), Distance : 361 ft
|
|
Batting: LHB Leo Sutherland
|
0-0: Foul Ball, location: 2F 0-1: Called Strike 0-2: Ball 1-2: Ball 2-2: Ball 3-2: Foul Ball, location: 2F 3-2: Fly out, F9 (Flyball, 9LD, EV 108.1 MPH)
|
|
Pitching: RHP Fernando Alba
|
|
|
Batting: LHB Chuck Sandberg
|
0-0: Foul Ball, location: 2F 0-1: Foul Ball, location: 2F 0-2: Foul Ball, location: 2F 0-2: Ball 1-2: Ball 2-2: Fly out, F8 (Flyball, 89D, EV 111.3 MPH)
|
|
Batting: RHB Oscar Mejia
|
0-0: Ground out 1-3 (Groundball, 13, EV 83.8 MPH)
|
| Bottom of the 7th over - 1 run, 1 hit, 0 errors, 0 left on base; Burlington 6 - Quad Cities 2 |
| TOP OF THE 8TH |
|
Burlington Bees batting - Pitching for Quad Cities Angels : RHP Rickey Lear
|
|
Batting: LHB Vernon Ramie
|
0-0: Ball 1-0: Called Strike 1-1: Ball 2-1: Ball 3-1: SINGLE (Groundball, 34D, EV 96.9 MPH)
|
|
Pitching: RHP David Mangrum
|
|
|
Batting: RHB Thomas Echstenkamper
|
0-0: Called Strike 0-1: Called Strike 0-2: Ball 1-2: Strikes out swinging
|
|
Batting: RHB Anthony Veith
|
0-0: Called Strike 0-1: Foul Ball, location: 2F 0-2: Foul Ball, location: 2F 0-2: Fly out, F8 (Line Drive, 8RM, EV 91.3 MPH)
|
|
Batting: RHB Daniel Johnson
|
0-0: Ball 1-0: Called Strike 1-1: Ball 2-1: Ball 3-1: Fly out, F9 (Flyball, 9, EV 88.1 MPH)
|
| Top of the 8th over - 0 runs, 1 hit, 0 errors, 1 left on base; Burlington 6 - Quad Cities 2 |
| BOTTOM OF THE 8TH |
|
Quad Cities Angels batting - Pitching for Burlington Bees : RHP Fernando Alba
|
|
Batting: LHB Keith Rokosz
|
0-0: Ball 1-0: SOLO HOME RUN (Flyball, 9D, EV 100.0 MPH), Distance : 343 ft
|
|
Batting: LHB Bill Kuchar
|
0-0: Swinging Strike 0-1: Ball 1-1: Swinging Strike 1-2: Ball 2-2: Fly out, F6 (Popup, 6MD, EV 62.5 MPH)
|
|
Batting: RHB Michael Lenti
|
0-0: Ball 1-0: Foul Ball, location: 2F 1-1: Ball 2-1: Foul Ball, location: 2F 2-2: Ball 3-2: Ground out 5-3 (Groundball, 5L, EV 80.0 MPH)
|
|
Batting: RHB Jeffrey Ulrich
|
0-0: Fly out, F8 (Line Drive, 8RD, EV 90.6 MPH)
|
| Bottom of the 8th over - 1 run, 1 hit, 0 errors, 0 left on base; Burlington 6 - Quad Cities 3 |
| TOP OF THE 9TH |
|
Burlington Bees batting - Pitching for Quad Cities Angels : RHP David Mangrum
|
|
Batting: LHB Terry Cormack
|
0-0: Ball 1-0: Ball 2-0: Ground out U3 (Groundball, 3, EV 79.4 MPH)
|
|
Batting: RHB James Noonan
|
0-0: Ball 1-0: Swinging Strike 1-1: Fly out, F7 (Flyball, 7LSF, EV 92.5 MPH)
|
|
Batting: RHB Bobby Supel
|
0-0: Swinging Strike 0-1: Foul Ball, location: 2F 0-2: Strikes out swinging
|
| Top of the 9th over - 0 runs, 0 hits, 0 errors, 0 left on base; Burlington 6 - Quad Cities 3 |
| BOTTOM OF THE 9TH |
|
Quad Cities Angels batting - Pitching for Burlington Bees : RHP Fernando Alba
|
|
Batting: RHB Jordan Ventura
|
0-0: Ball 1-0: Ball 2-0: Fly out, F9 (Flyball, 9D, EV 100.0 MPH)
|
|
Batting: RHB Carlos Lezcano
|
0-0: Ball 1-0: Ball 2-0: Called Strike 2-1: Ball 3-1: Base on Balls
|
|
Pitching: RHP Ted Power
|
|
|
Batting: LHB Leo Sutherland
|
0-0: Called Strike 0-1: Ball 1-1: SINGLE (Line Drive, 3D, EV 96.9 MPH) Carlos Lezcano to second
|
|
Batting: LHB Chuck Sandberg
|
0-0: Ball 1-0: Ball 2-0: Foul Ball, location: 2F 2-1: Foul Ball, location: 2F 2-2: Ball 3-2: Strikes out looking
|
|
Pinch Hitting: LHB Bob Helsom
|
0-0: Ball 1-0: Ball 2-0: Called Strike 2-1: Ball 3-1: Foul Ball, location: 2F 3-2: Base on Balls Carlos Lezcano to third Leo Sutherland to second
|
|
Batting: LHB Keith Rokosz
|
0-0: Ball 1-0: Ball 2-0: Ball Wild Pitch! Carlos Lezcano scores Leo Sutherland to third Bob Helsom to second 3-0: Base on Balls
|
|
Batting: LHB Bill Kuchar
|
0-0: Called Strike 0-1: Ball 1-1: Ball 2-1: Swinging Strike 2-2: Foul Ball, location: 2F 2-2: Ball 3-2: Foul Ball, location: 2F 3-2: Ground out U3 (Groundball, 34, EV 81.9 MPH)
|
| Bottom of the 9th over - 1 run, 1 hit, 0 errors, 3 left on base; Burlington 6 - Quad Cities 4 |
|